Map: Orbital Shipyard

Players

Javert - Winner!

  • Race: Zerg Zerg
  • League: Grandmaster

Dasz

  • Race: Protoss Protoss
  • League: Grandmaster

VOD

Have the link to the VOD?

Description

Time

  • Played on: July 14, 2015, 6 p.m.
  • Length: 11:16
Show
View Real Time Build Order
Export as new Build Order

Javert Zerg - Winner!

Build Orders: Hatch First 

Get SALT Encoding   

  12  0:01  Drone  
  13  0:13  Overlord  
  13  0:21  Drone  
  14  0:33  Drone x2  
  16  0:54  Drone  
  16  0:56  Hatchery  
  16  0:59  Drone, Extractor  
  16  1:02  Drone  
  17  1:08  Drone  
  18  1:19  Drone  
  19  1:26  Spawning Pool  
  19  1:29  Drone  
  19  1:50  Drone  
  20  1:57  Drone  
  21  2:05  Hatchery  
  20  2:15  Metabolic Boost  
  20  2:21  Drone x4  
  24  2:27  Queen  
  26  2:33  Overlord  
  26  2:41  Queen  
  28  2:57  Zergling x12  
  34  3:08  Overlord  
  34  3:15  Drone  
  35  3:22  Queen  
  35  3:25  Drone x3  
  40  3:35  Drone x3  
  43  3:41  Drone x2  
  43  3:42  Drone x4  
  49  3:48  Drone  
  49  3:57  Overlord x2  
  48  4:04  Drone x2  
  48  4:08  Overlord  
  49  4:19  Drone x3  
  49  4:20  Drone x6  
  49  4:21  Lair  
  49  4:23  Extractor  
  57  4:25  Extractor  
  57  4:26  Extractor  
  55  4:34  Extractor  
  55  4:35  Extractor  
  55  4:36  Roach Warren  
  52  4:41  Drone x5  
  52  4:42  Drone x5  
  62  4:57  Overlord x3  
  62  5:06  Overlord x2  
  62  5:07  Overlord  
  62  5:10  Spine Crawler  
  62  5:12  Spine Crawler  
  62  5:14  Drone x3  
  63  5:24  Roach  
  63  5:25  Roach x3  
  71  5:29  Burrow  
  71  5:36  Roach x3  
  71  5:37  Roach x2  
  81  5:48  Roach x4  
  81  5:49  Roach x2  
  93  5:58  Overseer  
  93  6:00  Glial Reconstitution  
  93  6:10  Drone x9, Spine Crawler  
  93  6:11  Drone x4  
  105  6:27  Roach  
  105  6:28  Roach x7  
  105  6:30  Overlord x2  
  121  6:37  Evolution Chamber x2  
  121  6:38  Overlord x3  
  117  6:42  Hydralisk Den  
  116  6:50  Ravager x3  
  116  6:52  Ravager  
  120  7:00  Roach x8  
  115  7:21  Roach x7  
  108  7:23  Roach x16  
  108  7:24  Roach  
  139  7:36  Ravager x2  
  136  7:38  Zerg Missile Weapons Level 1  
  136  7:39  Overlord x2  
  136  7:54  Ravager x2  
  138  7:59  Overlord x4  
  138  8:02  Zerg Ground Armor Level 1  
  138  8:06  Ravager x2  
  138  8:08  Hatchery, Extractor  
  138  8:09  Extractor  
  137  8:17  Muscular Augments  
  137  8:19  Zergling x24  
  152  8:20  Zergling x6  
  152  8:26  Overseer x2  
  152  8:38  Drone x8  
  160  8:45  Overlord x4  
  144  9:12  Overlord  
  125  9:26  Roach x9  
  125  9:27  Roach x4  
  142  9:32  Overseer  
  142  9:33  Overseer x3  
  140  9:38  Roach  
  140  9:39  Roach x3  
  132  10:10  Roach x6  
  130  10:24  Spine Crawler  
  130  10:25  Roach  
  130  10:26  Spine Crawler  
  130  10:28  Spine Crawler  
  116  10:37  Roach x2  
  116  10:39  Roach  
  109  10:43  Overlord x3  
Show
View Real Time Build Order
Export as new Build Order

Dasz Protoss 

Build Orders: 1 Gate Expand 

Get SALT Encoding   

  12  0:01  Probe  
  13  0:14  Pylon  
  13  0:19  Probe  
  14  0:34  Gateway  
  15  0:35  Probe (Chrono Boost)  
  15  0:45  Probe (Chrono Boost)  
  15  0:47  Assimilator  
  16  0:52  Probe  
  17  1:04  Probe  
  18  1:22  Nexus  
  18  1:33  Cybernetics Core, Probe (Chrono Boost)  
  19  1:43  Probe (Chrono Boost)  
  19  1:45  Pylon  
  20  1:50  Probe  
  21  2:03  Probe  
  21  2:07  Assimilator  
  22  2:12  Adept, Warp Gate  
  24  2:18  Probe  
  25  2:23  Forge  
  25  2:30  Probe  
  25  2:35  Probe  
  27  2:44  Twilight Council  
  27  2:45  Probe  
  27  2:47  Probe  
  29  3:00  Protoss Ground Weapons Level 1 (Chrono Boost)  
  29  3:04  Assimilator  
  30  3:05  Probe x2  
  30  3:09  Assimilator  
  31  3:17  Probe  
  31  3:18  Probe, Pylon  
  33  3:30  Probe x2  
  34  3:43  Adept  
  34  3:45  Probe x2  
  38  3:49  Shield Upgrade  
  38  3:54  Gateway  
  38  3:55  Pylon  
  38  3:56  Photon Cannon  
  38  4:02  Probe x2  
  40  4:07  Gateway  
  38  4:12  Pylon  
  38  4:19  Pylon  
  38  4:26  Gateway  
  38  4:30  Gateway  
  38  4:37  Gateway  
  38  4:38  Mothership Core (Chrono Boost), Gateway  
  40  4:44  Probe (Chrono Boost), Adept  
  43  4:48  Protoss Ground Weapons Level 2 (Chrono Boost)  
  43  4:58  Probe x2  
  45  5:03  Adept  
  45  5:04  Adept  
  49  5:07  Blink (Chrono Boost)  
  49  5:15  Probe  
  49  5:16  Probe  
  49  5:19  Adept  
  53  5:26  Pylon  
  53  5:28  Probe x2, Pylon  
  55  5:35  Adept x2  
  59  5:40  Probe  
  60  5:44  Probe  
  60  5:46  Pylon  
  61  5:51  Pylon  
  61  5:59  Adept x4  
  61  6:00  Pylon  
  69  6:10  Pylon  
  69  6:15  Stalker  
  69  6:28  Stalker  
  69  6:29  Stalker x5  
  81  6:43  Protoss Ground Weapons Level 3 (Chrono Boost)  
  81  6:48  Stalker  
  81  6:49  Probe x2  
  85  6:58  Stalker x4  
  93  7:02  Probe x2  
  90  7:26  Robotics Facility  
  90  7:28  Dark Shrine  
  90  7:37  Probe x2  
  92  7:54  Nexus  
  92  7:55  Pylon  
  92  7:58  Pylon  
  92  8:01  Assimilator  
  92  8:07  Assimilator  
  92  8:16  Pylon  
  92  8:18  Observer  
  93  8:20  Pylon  
  93  8:21  Protoss Air Weapons Level 1  
  93  8:31  Stargate  
  93  8:32  Stargate  
  92  8:38  Pylon, Stargate  
  92  8:46  Dark Templar x2  
  94  9:01  Dark Templar  
  70  9:17  Dark Templar  
  70  9:21  Dark Templar  
  57  9:32  Stalker x2  
  57  9:35  Zealot  
  57  9:36  Zealot x2  
  57  9:56  Dark Templar  
  57  9:57  Stalker  
  57  9:58  Stalker  
  57  9:59  Stalker  
  55  10:10  Dark Templar  
  55  10:12  Zealot x2  
  53  10:26  Dark Templar  
  55  10:31  Probe x2  
  49  10:37  Dark Templar  
  39  10:44  Probe x2  
  37  10:56  Probe  
Tags
 
Add a new tag
Caveats
  • Supply blocks, unpowered buildings, or Contaminate may cause inaccurate times.
  • Supply counts are checked every 10 seconds.